Map: Nightscape LE

Players

MattBarry - Winner!

  • Race: Protoss Protoss
  • League: Gold
  • Spawn Location: 1:00

MattBarry - Winner!

  • Race: Zerg Zerg
  • League: Silver
  • Spawn Location: 1:00

Havoc

  • Race: Terran Terran
  • Spawn Location: 7:00

Blazek

  • Race: Zerg Zerg
  • League: Platinum
  • Spawn Location: 7:00

VOD

Have the link to the VOD?

Description

Time

  • Played on: Jan. 19, 2023, 1:24 a.m.
  • Length: 18:18
Show
View Real Time Build Order
Export as new Build Order

MattBarry Protoss - Winner!

Build Orders:  

Get SALT Encoding   

  12  0:00  Probe  
  13  0:12  Probe  
  14  0:20  Pylon  
  14  0:24  Probe  
  15  0:38  Probe  
  15  0:39  Gateway  
  16  0:45  Assimilator  
  16  0:50  Probe  
  17  1:03  Probe  
  18  1:15  Probe  
  19  1:19  Pylon  
  19  1:27  Cybernetics Core, Probe  
  20  1:39  Probe  
  21  1:51  Probe  
  22  1:55  Nexus  
  22  2:03  Warp Gate (Chrono Boost), Probe  
  22  2:06  Adept  
  25  2:15  Probe  
  26  2:16  Pylon  
  26  2:29  Probe  
  27  2:32  Assimilator  
  27  2:37  Adept  
  27  2:39  Gateway  
  27  2:41  Probe  
  30  2:53  Probe  
  30  2:56  Pylon  
  31  3:05  Probe  
  31  3:07  Adept  
  34  3:14  Probe (Chrono Boost)  
  34  3:16  Gateway  
  34  3:18  Probe (Chrono Boost)  
  36  3:26  Probe (Chrono Boost)  
  38  3:29  Probe (Chrono Boost)  
  38  3:31  Sentry, Probe (Chrono Boost)  
  38  3:33  Probe (Chrono Boost)  
  41  3:40  Probe  
  43  3:44  Probe  
  44  3:52  Probe  
  45  3:56  Probe  
  44  4:04  Probe  
  44  4:06  Stalker  
  44  4:07  Stalker  
  44  4:09  Probe  
  50  4:13  Robotics Facility  
  50  4:14  Pylon  
  50  4:15  Assimilator  
  50  4:16  Probe  
  51  4:19  Assimilator  
  51  4:21  Probe  
  52  4:28  Probe  
  52  4:31  Pylon  
  53  4:33  Probe  
  53  4:34  Pylon  
  54  4:43  Stalker x3  
  60  4:49  Probe x2  
  62  5:11  Stalker x3, Nexus  
  62  5:13  Pylon  
  52  5:51  Observer  
  52  5:54  Robotics Bay  
  53  5:57  Pylon  
  53  6:00  Gateway x2  
  53  6:02  Stalker x2  
  53  6:03  Stalker  
  59  6:09  Pylon  
  59  6:12  Forge  
  59  6:14  Forge  
  59  6:15  Probe x2  
  61  6:27  Probe x2  
  61  6:28  Probe  
  61  6:31  Assimilator  
  64  6:35  Assimilator  
  64  6:36  Stalker  
  64  6:37  Stalker x2  
  64  6:39  Probe x2  
  72  6:41  Probe  
  72  6:44  Twilight Council  
  73  6:48  Protoss Ground Weapons Level 1 (Chrono Boost)  
  73  6:49  Protoss Ground Armor Level 1 (Chrono Boost)  
  73  6:51  Probe x2  
  73  6:53  Probe  
  76  6:54  Disruptor  
  79  7:23  Probe x3  
  79  7:25  Stalker x2  
  79  7:26  Stalker x3  
  79  7:27  Disruptor (Chrono Boost)  
  79  7:28  Pylon  
  79  7:29  Pylon  
  92  7:35  Probe x3  
  92  7:37  Blink  
  98  7:44  Templar Archives  
  98  7:47  Probe x3  
  101  7:54  Stalker x3  
  101  7:55  Stalker x2  
  101  7:56  Disruptor  
  114  8:18  Nexus  
  114  8:19  Pylon  
  114  8:22  Pylon  
  114  8:40  Protoss Ground Weapons Level 2 (Chrono Boost), Protoss Ground Armor Level 2 (Chrono Boost)  
  98  9:12  Psionic Storm, Disruptor, Stalker x4  
  98  9:13  Stalker  
  111  9:31  Photon Cannon  
  111  9:33  Photon Cannon  
  111  9:35  Photon Cannon  
  111  9:39  Pylon  
  111  9:41  Probe  
  111  9:42  Probe x3  
  115  9:47  Disruptor, Assimilator  
  115  9:48  Stalker x4  
  115  9:49  Stalker  
  115  9:51  Assimilator  
  128  9:58  Gateway  
  128  9:59  Gateway  
  128  10:01  Gateway  
  128  10:03  Gateway  
  128  10:12  Zealot x5  
  135  10:30  Observer  
  135  10:35  High Templar x4  
  144  10:36  Zealot  
  146  10:58  Probe x4  
  150  11:10  Probe  
  147  11:33  Stalker x4  
  147  11:34  Stalker x5  
  132  12:21  Archon  
  118  12:22  Archon  
  118  12:25  Stalker  
  118  12:26  Stalker x7  
  118  12:27  Stalker  
  118  12:29  Disruptor  
  123  12:38  Pylon  
  123  12:40  Pylon  
  123  12:42  Protoss Ground Weapons Level 3 (Chrono Boost), Protoss Ground Armor Level 3 (Chrono Boost)  
  123  12:51  Charge (Chrono Boost)  
  123  12:55  High Templar x4  
  123  12:56  Zealot x2  
  123  12:57  Zealot x3  
  141  13:04  Nexus  
  141  13:05  Disruptor, Pylon  
  141  13:07  Pylon  
  144  13:24  Zealot x4  
  144  13:25  Zealot  
  154  13:40  Zealot x2  
  154  13:41  Zealot x2, Disruptor  
  162  13:47  Pylon  
  165  13:49  Gateway  
  165  13:51  Gateway  
  165  13:52  Gateway, Zealot x5  
  165  13:54  Gateway  
  175  13:55  Gateway  
  175  14:07  Stalker  
  175  14:08  Stalker x3  
  183  14:31  Zealot  
  183  14:32  Zealot x6  
  136  15:07  Archon  
  107  15:18  Zealot, Stalker x5  
  107  15:19  Zealot x7  
  107  15:20  Zealot  
  131  15:31  Protoss Shields Level 1 (Chrono Boost)  
  131  15:41  High Templar x2  
  131  15:42  High Templar x3  
  141  15:44  Zealot x6  
  141  15:45  Zealot x3  
  159  15:52  Disruptor  
  162  16:13  Zealot  
  162  16:14  Zealot x7  
  162  16:15  Zealot x6  
  187  16:21  Nexus  
  187  16:24  Pylon  
  185  16:26  Pylon  
  185  16:28  Disruptor, Pylon  
  144  16:52  Archon  
  136  16:58  Stalker x5  
  136  16:59  Stalker x5  
  136  17:00  Stalker x4  
  158  17:21  Photon Cannon  
  158  17:22  Photon Cannon  
  158  17:23  High Templar  
  158  17:24  Photon Cannon, High Templar x3  
  158  17:26  Photon Cannon, Stalker x2  
  158  17:27  Zealot x5  
  158  17:28  Zealot x3  
Show
View Real Time Build Order
Export as new Build Order

MattBarry Zerg - Winner!

Build Orders: Hatch First 

Get SALT Encoding   

  12  0:00  Drone  
  13  0:10  Drone  
  14  0:18  Extractor, Overlord  
  14  0:29  Extractor  
  14  0:30  Extractor, Drone  
  14  0:31  Drone  
  16  0:40  Drone  
  17  1:00  Hatchery  
  16  1:13  Spawning Pool, Drone  
  16  1:17  Extractor  
  15  1:25  Drone  
  16  1:27  Drone  
  16  1:28  Drone  
  18  1:41  Drone  
  19  1:51  Drone  
  20  1:57  Overlord  
  20  2:02  Queen  
  22  2:13  Zergling x2  
  23  2:17  Drone  
  23  2:19  Zergling x2  
  23  2:22  Metabolic Boost  
  25  2:29  Zergling x2  
  26  2:36  Zergling x2  
  28  2:37  Drone  
  28  2:49  Zergling x2  
  29  3:05  Extractor  
  28  3:16  Queen, Drone x2  
  31  3:22  Overlord  
  31  3:24  Overlord  
  29  3:44  Zergling x14  
  34  4:08  Baneling Nest  
  33  4:11  Zergling x4, Overlord x2  
  33  4:12  Drone  
  36  4:19  Lair  
  36  4:23  Drone  
  37  4:25  Hatchery x2  
  37  4:27  Drone  
  37  4:28  Drone  
  37  4:37  Queen  
  39  4:42  Drone x2  
  41  4:46  Drone  
  41  4:48  Drone  
  43  5:00  Drone  
  43  5:01  Drone x3  
  43  5:02  Drone  
  43  5:37  Drone x5  
  43  5:38  Drone  
  45  5:46  Roach Warren  
  44  5:56  Extractor x2  
  42  6:05  Queen  
  42  6:09  Spine Crawler  
  43  6:11  Queen  
  43  6:16  Zergling x8  
  43  6:17  Zergling x6  
  52  6:19  Zergling x4  
  52  6:20  Centrifugal Hooks  
  52  6:22  Drone  
  52  6:23  Drone x7  
  62  6:29  Glial Reconstitution  
  62  6:58  Zergling x2  
  62  6:59  Zergling x6  
  62  7:00  Zergling x4, Drone x4  
  62  7:01  Overlord x3  
  72  7:02  Overlord  
  70  7:25  Drone x3  
  70  7:26  Drone, Overlord x2  
  74  7:37  Overlord x3  
  74  7:39  Overlord  
  74  7:40  Zergling x2  
  74  7:41  Roach x2  
  74  7:42  Roach x2  
  74  8:08  Drone  
  74  8:09  Drone x14  
  83  8:31  Spore Crawler  
  83  8:33  Spore Crawler  
  81  8:35  Spore Crawler  
  81  8:36  Spine Crawler  
  79  8:43  Drone x2  
  79  8:44  Drone x10  
  78  9:20  Zergling x2  
  78  9:21  Zergling x22  
  81  9:35  Zergling x22  
  81  9:36  Zergling x2  
  93  9:49  Overlord  
  93  9:50  Roach  
  93  9:51  Roach x2  
  99  9:58  Infestation Pit  
  98  10:01  Evolution Chamber  
  98  10:04  Evolution Chamber  
  96  10:08  Zergling x2  
  96  10:09  Zergling x30  
  112  10:37  Drone x3  
  112  10:38  Drone, Overlord x2  
  116  10:43  Infestor x3  
  116  10:45  Infestor  
  116  10:47  Zergling x8  
  128  10:50  Spawning Pool  
  128  10:53  Spire  
  128  10:54  Hive  
  127  10:58  Zerg Melee Weapons Level 1  
  127  11:01  Zerg Missile Weapons Level 1  
  127  11:05  Evolution Chamber  
  76  11:57  Overlord  
  76  12:02  Infestor  
  76  12:03  Infestor x3  
  76  12:04  Zergling x12  
  76  12:05  Zergling x8  
  86  12:12  Extractor  
  85  12:17  Extractor  
  85  12:19  Drone  
  85  12:20  Drone x9  
  94  12:29  Adrenal Glands  
  94  13:02  Zergling x2  
  94  13:03  Zergling x6  
  94  13:04  Zergling x2  
  94  13:05  Zergling x10  
  103  13:06  Zergling x4  
  103  13:07  Greater Spire  
  103  13:09  Zerg Melee Weapons Level 2  
  103  13:11  Zerg Ground Armor Level 1  
  106  13:17  Zergling x2  
  106  13:18  Zergling x22  
  118  13:48  Drone x2  
  118  13:49  Drone x8  
  128  14:12  Hatchery  
  127  14:18  Drone x2  
  129  14:24  Corruptor  
  129  14:25  Corruptor x9  
  109  15:14  Brood Lord  
  109  15:15  Brood Lord x4  
  121  15:21  Brood Lord  
  121  15:41  Brood Lord  
  121  15:42  Corruptor x2, Brood Lord x3  
  129  15:43  Corruptor x5  
  129  15:44  Corruptor x2  
  129  15:45  Corruptor x2  
  129  15:46  Corruptor  
  153  15:50  Queen  
  155  16:14  Hatchery  
  154  16:21  Hatchery  
  147  16:47  Corruptor  
  147  16:48  Corruptor x7  
  147  16:49  Corruptor x6  
  175  17:19  Brood Lord  
  175  17:20  Brood Lord  
  175  17:21  Brood Lord  
Show
View Real Time Build Order
Export as new Build Order

Havoc Terran 

Build Orders:  

Get SALT Encoding   

  12  0:00  SCV  
  13  0:14  Supply Depot  
  13  0:17  SCV  
  14  0:30  SCV  
  15  0:38  Barracks  
  15  0:42  SCV  
  16  0:49  Refinery  
  16  0:54  SCV  
  17  1:06  SCV  
  18  1:18  SCV  
  19  1:33  Command Center  
  19  1:38  Orbital Command  
  19  1:47  Barracks Reactor  
  19  2:15  Supply Depot  
  19  2:21  Factory  
  19  2:24  Refinery  
  19  2:26  SCV  
  20  2:37  Marine x2  
  20  2:38  Supply Depot  
  20  2:39  SCV  
  23  2:51  SCV  
  24  2:52  Orbital Command  
  24  3:01  Barracks  
  24  3:04  Marine x2  
  26  3:07  Starport  
  26  3:08  Factory Tech Lab  
  26  3:12  SCV  
  27  3:20  SCV  
  28  3:28  SCV  
  29  3:35  Siege Tank  
  29  3:41  Engineering Bay  
  32  3:46  Marine x2  
  34  3:50  Medivac  
  36  3:59  Supply Depot, Barracks Tech Lab  
  35  4:05  SCV  
  35  4:06  SCV  
  37  4:12  Missile Turret  
  37  4:16  Hi-Sec Auto Tracking  
  37  4:17  SCV  
  37  4:18  SCV  
  37  4:20  Missile Turret  
  39  4:39  SCV x2  
  39  4:43  Missile Turret  
  39  4:44  Refinery  
  41  4:49  Stimpack  
  41  4:51  Barracks  
  41  4:53  Starport Reactor  
  41  4:58  Marine x2  
  45  5:01  Marine  
  45  5:06  Siege Tank  
  47  5:15  SCV x2  
  47  5:16  Marine x2  
  47  5:19  Marine  
  52  5:27  SCV x2  
  51  5:33  Marine  
  51  5:34  Marine  
  46  5:37  Marine  
  46  5:41  Barracks Reactor  
  46  5:50  Medivac x2  
  46  5:51  Marine x2  
  46  5:54  Marine, Siege Tank  
  56  6:09  Marine x2, SCV x2  
  60  6:12  Marine  
  61  6:21  SCV  
  62  6:29  Supply Depot  
  62  6:32  Supply Depot  
  62  6:45  Command Center  
  62  6:50  Marine x3  
  62  6:51  Supply Depot, SCV  
  62  6:53  Siege Tank  
  69  7:08  Marine x3  
  71  7:22  SCV x2  
  73  7:33  Starport  
  73  7:34  SCV x2  
  75  7:38  Armory  
  75  7:41  Armory  
  75  7:43  Terran Infantry Weapons Level 1  
  74  8:00  SCV x2  
  74  8:01  SCV  
  74  8:05  Refinery  
  78  8:12  SCV  
  78  8:18  SCV x2  
  80  8:23  Supply Depot  
  80  8:24  SCV  
  71  8:54  Marine  
  71  8:55  Marine x2  
  74  8:58  Marine x2  
  72  9:11  Siege Tank  
  72  9:12  Marine x2  
  72  9:13  Marine, Liberator x2  
  72  9:16  Marine  
  85  9:27  Marine  
  85  9:30  Marine x3  
  89  9:35  Combat Shield  
  89  9:36  Barracks  
  89  9:43  Siege Tank  
  90  10:22  Starport Reactor  
  90  10:24  Terran Infantry Weapons Level 2  
  90  10:31  Supply Depot x2  
  90  10:36  Marine  
  90  10:37  Marine x4  
  95  10:54  Supply Depot, Marine x3  
  95  10:55  Supply Depot, Marine  
  95  10:56  Starport  
  99  10:57  Viking x2  
  99  10:59  Marine  
  99  11:03  Barracks Reactor  
  104  11:11  Thor  
  104  11:12  Marine x4  
  104  11:17  Marine  
  115  11:24  Supply Depot  
  115  11:27  Viking x2  
  112  11:54  Thor  
  112  11:56  Marine x4  
  112  11:57  Marine x3, Viking x2  
  112  12:00  Medivac  
  112  12:01  Medivac x2  
  129  12:14  Marine x3  
  129  12:27  Medivac x2  
  130  12:34  Marine x4  
  130  12:35  Marine x3  
  137  12:39  Supply Depot  
  137  12:40  Terran Infantry Armor Level 1  
  137  12:45  Starport Tech Lab  
  137  12:52  Marine x2  
  137  12:53  Marauder  
  137  12:55  Orbital Command  
  137  12:58  SCV x2  
  143  13:10  SCV x2, Command Center, Siege Tank  
  148  13:15  Marauder  
  150  13:28  Medivac x3  
  150  13:33  Marine  
  157  13:50  Refinery x2  
  157  14:11  Marine  
  157  14:12  Marine x2  
  157  14:13  Marine  
  157  14:21  Marine x3, Medivac  
  157  14:22  Siege Tank  
  167  14:30  Raven  
  167  14:34  Terran Infantry Weapons Level 3  
  141  14:54  Siege Tank  
  141  14:59  Marine x4  
  112  15:00  Marine x3  
  115  15:17  Marine x6  
  115  15:18  Marine  
  124  15:30  Raven  
  124  15:35  Marine x6  
  127  15:36  Marine  
  131  15:43  Factory  
  131  15:45  Terran Vehicle Weapons Level 1  
  131  15:49  Terran Vehicle And Ship Armor Level 1  
  131  15:52  Marine  
  99  16:42  Marine x6  
  99  16:43  Marine  
  87  17:00  Marine x6  
  92  17:06  Viking x5  
  99  17:18  Starport  
  99  17:19  Starport  
  99  17:25  Marine x4  
  103  17:30  Marine x3  
  103  17:35  Viking  
  103  17:36  Viking x3  
  101  17:57  Marine x4  
  101  17:58  Marine x3  
  108  18:01  Starport Reactor x2  
Show
View Real Time Build Order
Export as new Build Order

Blazek Zerg 

Build Orders: Hatch First, Roach Hydra 

Get SALT Encoding   

  12  0:00  Drone  
  13  0:12  Drone  
  14  0:16  Overlord  
  14  0:34  Drone  
  14  0:35  Drone  
  16  0:49  Hatchery  
  15  0:52  Drone  
  16  1:04  Drone x2  
  18  1:17  Extractor  
  17  1:19  Spawning Pool  
  17  1:20  Drone  
  17  1:24  Drone  
  18  1:31  Drone  
  19  1:45  Overlord  
  19  1:55  Drone  
  20  2:07  Zergling x4, Queen x2  
  26  2:20  Drone  
  26  2:21  Drone  
  28  2:32  Zergling x4  
  28  2:35  Drone x2  
  32  2:44  Queen x2  
  36  2:51  Overlord  
  36  3:04  Metabolic Boost  
  36  3:25  Overlord  
  36  3:26  Overlord  
  36  3:27  Drone x6  
  36  3:28  Drone x2  
  36  3:32  Spore Crawler  
  43  3:35  Spore Crawler  
  43  3:38  Drone x2  
  41  4:11  Extractor  
  41  4:15  Extractor  
  39  4:17  Roach Warren  
  39  4:18  Zergling x8  
  39  4:19  Overlord  
  42  4:25  Hatchery, Drone x7  
  42  4:30  Overlord  
  48  4:32  Overlord  
  48  4:39  Lair  
  48  4:45  Evolution Chamber  
  47  4:50  Extractor  
  46  5:08  Roach x7  
  60  5:16  Zerg Missile Weapons Level 1  
  60  5:35  Roach x6  
  65  5:55  Glial Reconstitution  
  65  6:01  Hydralisk Den  
  64  6:05  Overlord  
  64  6:09  Hatchery, Drone x2  
  65  6:11  Drone  
  66  6:30  Drone x4  
  66  6:31  Drone x2  
  72  6:33  Evolution Chamber  
  71  6:40  Drone  
  71  6:41  Drone x3  
  75  6:56  Queen  
  77  7:02  Zerg Ground Armor Level 1  
  77  7:03  Muscular Augments  
  77  7:22  Overlord  
  77  7:23  Drone x11  
  88  7:34  Overlord  
  88  7:41  Hydralisk x2  
  88  7:42  Roach x3  
  88  7:43  Roach  
  100  7:45  Hydralisk  
  102  7:58  Queen  
  102  8:03  Hydralisk x3  
  110  8:07  Overlord x2  
  110  8:14  Grooved Spines  
  110  8:16  Drone  
  110  8:17  Overlord x2  
  110  8:18  Overlord  
  111  8:34  Zerg Missile Weapons Level 2  
  111  8:37  Overlord x2  
  111  8:41  Spore Crawler, Extractor x2  
  111  8:45  Spine Crawler  
  111  8:47  Spine Crawler  
  106  8:51  Hydralisk x5, Spine Crawler  
  106  8:52  Roach x4  
  106  8:55  Hydralisk  
  105  8:56  Roach  
  95  9:05  Hydralisk x2  
  95  9:06  Roach x2  
  97  9:15  Hydralisk x2, Roach  
  103  9:22  Hydralisk  
  103  9:23  Hydralisk, Roach  
  109  9:47  Hydralisk x5, Roach  
  109  9:48  Roach x3  
  109  9:49  Roach  
  129  9:56  Zerg Ground Armor Level 2  
  129  10:01  Overseer  
  129  10:11  Drone x2  
  129  10:12  Drone x2  
  129  10:13  Drone x4  
  129  10:14  Drone, Overlord  
  138  10:32  Hydralisk x4  
  138  10:33  Hydralisk, Roach  
  138  10:34  Hydralisk  
  152  10:47  Hydralisk x2, Overlord x2  
  152  10:48  Roach  
  158  11:00  Overlord  
  158  11:01  Hydralisk x2, Roach  
  158  11:02  Roach x2  
  130  11:19  Hydralisk x2  
  130  11:20  Hydralisk x2, Roach x3  
  130  11:21  Roach  
  102  11:28  Hydralisk  
  102  11:29  Hydralisk, Roach x2  
  106  11:36  Hydralisk x2  
  106  11:37  Roach x2  
  112  11:46  Hydralisk x2  
  112  11:47  Roach x2  
  112  11:50  Hydralisk  
  112  11:51  Roach  
  90  12:06  Hydralisk x3  
  90  12:07  Roach x4  
  100  12:11  Hydralisk  
  100  12:12  Roach  
  100  12:19  Hydralisk x2  
  100  12:20  Roach  
  86  12:34  Drone x7  
  93  12:45  Queen  
  93  12:50  Extractor  
  94  12:55  Infestation Pit  
  93  13:03  Hydralisk x3  
  93  13:04  Roach x3  
  105  13:06  Overlord  
  105  13:21  Hatchery  
  104  13:29  Hydralisk x3, Roach  
  104  13:30  Roach  
  114  13:44  Hydralisk x3  
  114  13:45  Roach x3  
  126  13:51  Hive  
  126  14:04  Hydralisk x5  
  126  14:05  Hydralisk, Roach x6  
  150  14:21  Hydralisk x3  
  150  14:22  Roach x2  
  160  14:43  Hydralisk x3  
  160  14:44  Hydralisk x2, Roach x3  
  174  14:46  Roach  
  168  14:53  Hydralisk  
  168  14:54  Hydralisk, Roach  
  166  15:06  Hydralisk x2, Roach  
  166  15:07  Roach x2  
  130  15:14  Hydralisk  
  120  15:15  Roach x2  
  120  15:21  Drone x5  
  131  15:45  Queen  
  131  15:47  Drone  
  131  15:48  Drone x8  
  142  15:50  Overlord x2  
  142  15:54  Overseer  
  142  15:55  Overseer  
  142  16:03  Extractor x2  
  140  16:09  Drone x2  
  140  16:10  Drone x2  
  144  16:14  Drone x6  
  144  16:16  Hydralisk x3  
  144  16:17  Roach x2  
  160  16:32  Hydralisk x4  
  166  16:33  Roach x3  
  134  16:48  Hydralisk x4  
  134  16:49  Roach x4  
  112  16:56  Hydralisk x2  
  112  16:57  Roach x2  
  118  17:02  Hydralisk  
  118  17:03  Roach x2  
  122  17:11  Hydralisk x2  
  122  17:12  Roach x2  
  122  17:15  Hydralisk x2  
  129  17:20  Hydralisk x2  
  125  17:24  Hydralisk  
  125  17:25  Roach  
  125  17:33  Hydralisk x2  
  125  17:34  Roach  
  127  17:43  Hydralisk  
  127  17:44  Hydralisk, Roach  
  123  17:49  Hydralisk  
Tags
 
Add a new tag
Caveats
  • Supply blocks, unpowered buildings, or Contaminate may cause inaccurate times.
  • Supply counts are checked every 10 seconds.